 Dungeon Crawl Stone Soup version 0.17-a0-1635-gd4e48f1 (webtiles) character file.

67 hexophile the Changer (level 4, 0/28 HPs)
             Began as an Octopode Transmuter on Aug 4, 2015.
             Succumbed to kobold's curare-tipped needle
             ... on level 3 of the Dungeon.
             The game lasted 00:06:01 (2032 turns).

hexophile the Changer (Octopode Transmuter)         Turns: 2032, Time: 00:06:01

Health: 0/28       AC:  1    Str:  6 (10) XL:     4   Next: 16%
Magic:  5/7        EV: 12    Int: 20      God:
Gold:   111        SH:  0    Dex: 12      Spells: 2 memorised, 4 levels left

rFire  + . .     SeeInvis .       - Unarmed
rCold  + . .     Clarity  .     (no shield)
rNeg   . . .     SustAt   .     (helmet restricted)
rPois  +         Gourm    .     (no amulet)
rElec  +         Spirit   .     (no ring)
rCorr  +         Warding  .     (no ring)
rMut   .         Stasis   .     (no ring)
MR     .....                    (no ring)
Stlth  ++........               (no ring)
                                (no ring)
                                (no ring)
                                (no ring)

@: brilliant, lethally poisoned (0 -> -15), resistant, slowed, very slow, not
resistant to hostile enchantments, unstealthy
A: almost no armour, amphibious, 8 rings, constrict 8, camouflage 1, gelatinous
body 1
a: no special abilities


You were on level 3 of the Dungeon.
You were not hungry.

You visited 1 branch of the dungeon, and saw 3 of its levels.

You collected 111 gold pieces.

Inventory:

Hand weapons
 d - a +2 halberd of protection
Missiles
 a - 28 arrows
 l - 84 stones (quivered)
Jewellery
 n - an uncursed ring of fire
Scrolls
 e - a scroll of teleportation {unknown}
 h - a scroll of blinking {unknown}
 o - a scroll of identify
Potions
 k - a potion of haste {unknown}
Books
 b - a book of Changes

   Spells                             Type                      Level
   a - Beastly Appendage              Transmutation                1
   b - Sticks to Snakes               Transmutation                2
   c - Spider Form                    Transmutation/Poison         3
   d - Ice Form                       Ice/Transmutation            4
   e - Blade Hands                    Transmutation                5
Comestibles
 c - 4 bread rations
 g - a chunk of flesh
 m - 2 beef jerkies


   Skills:
 - Level 1.0 Fighting
 - Level 2.0 Dodging
 - Level 3.0 Unarmed Combat
 - Level 2.0 Spellcasting
 + Level 4.3 Transmutations


You had 4 spell levels left.
You knew the following spells:

 Your Spells              Type           Power        Failure   Level  Hunger
a - Beastly Appendage     Trmt           ####..       1%          1    #......
b - Sticks to Snakes      Trmt           ####......   1%          2    ##.....


Dungeon Overview and Level Annotations

Branches:
Dungeon (3/15)

Altars:
Sif Muna


Innate Abilities, Weirdness & Mutations

You cannot wear most types of armour.
You are amphibious.
You can wear up to eight rings at the same time.
You can use your tentacles to constrict eight enemies at once.
Your skin changes colour to match your surroundings (Stealth).
Your rubbery body absorbs attacks (AC +1).


Message History

* * * LOW HITPOINT WARNING * * *
You feel sick.
Your ball python bites the worm.
Your ball python grabs the worm.
Your ball python constricts the worm.
The worm struggles to escape constriction.
Your ball python bites the worm.
Your ball python constricts the worm.
Things that are here:
an uncursed club; an uncursed blowgun; a kobold corpse Drink which item? (? for menu, Esc to quit)
It was a potion of resistance.
You feel protected.
* * * LOW HITPOINT WARNING * * *
You feel sick.
Your ball python barely misses the worm.
Your ball python constricts the worm.
The worm struggles to escape constriction.
Your ball python bites the worm.
Your ball python constricts the worm.
Drink which item? (? for menu, Esc to quit)
It was a potion of brilliance.
You feel clever all of a sudden.
You die...

..... #.#.. #.#.# ..#....
#.#.#.# # #.#.#.#.#.#
#.#.#.#.#.# ###.#
###..@.(..#.#......
###....(#.(..........
........w.#.#.#...... #.
.##.#.#.#S#.......... #.
# ##.#.#.#.#...#...>.. #.
#.##.#.#........>.....
.###.##..........$.......
..................##..S..
#................## .?..


You could see a worm and a friendly ball python.

Vanquished Creatures
  2 gnolls (D:2)
  An adder (D:3)
  A worm (D:2)
  2 giant cockroaches
  5 hobgoblins
  A quokka (D:2)
  2 ball pythons
  2 bats
  A giant newt (D:3)
  10 goblins
  4 kobolds
  4 rats
35 creatures vanquished.

Vanquished Creatures (collateral kills)
  A gnoll (D:2)
1 creature vanquished.

Grand Total: 36 creatures vanquished

Notes
Turn   | Place    | Note
--------------------------------------------------------------
     0 | D:1      | hexophile the Octopode Transmuter began the quest for the Orb.
     0 | D:1      | Reached XP level 1. HP: 13/13 MP: 3/3
   153 | D:1      | Reached XP level 2. HP: 16/18 MP: 5/5
   161 | D:1      | Learned a level 2 spell: Sticks to Snakes
  1082 | D:2      | Found a deep blue altar of Sif Muna.
  1376 | D:2      | Reached XP level 3. HP: 23/23 MP: 6/6
  1455 | D:2      | Reached skill level 4 in Transmutations
  1873 | D:3      | Reached XP level 4. HP: 23/28 MP: 7/7
  2031 | D:3      | HP: 2/28 [poisoned by kobold (curare-tipped needle)]
  2032 | D:3      | Succumbed to kobold's curare-tipped needle

Vault maps used:
D:1:      ncdulo_lavacross, minmay_ruptured
D:2:      first_bread, lemuel_blue_sif_altar
D:3:      fiery_altar_vehumet

Action                   |  1- 3 |  4- 6 || total
-------------------------+-------+-------++-------
Melee: Unarmed           |    61 |     8 ||    69
       Halberd           |     7 |       ||     7
 Cast: Beastly Appendage |    10 |       ||    10
       Sticks to Snakes  |     3 |     1 ||     4
  Use: Potion            |     4 |     3 ||     7
       Scroll            |     2 |       ||     2
 Stab: Sleeping          |     4 |     1 ||     5
  Eat: Chunk             |     3 |     1 ||     4
